 Dungeon Crawl Stone Soup version 0.30-a0-187-gd9c2deaf24 (webtiles) character file.

Game seed: 18422795516854308433

104779 Pooter the Severer (level 15, -6/141 HPs)
             Began as a Minotaur Berserker on Oct 2, 2022.
             Was a High Priest of Trog.
             Mangled by a salamander mystic
             ... wielding a +0 quarterstaff
              (15 damage)
             ... on level 2 of the Snake Pit on Oct 3, 2022.
             The game lasted 02:21:06 (28113 turns).

Pooter the Severer (Minotaur Berserker)            Turns: 28113, Time: 02:21:06

Health: -6/141     AC: 23    Str: 25    XL:     15   Next: 92%
Magic:  14/14      EV:  8    Int:  4    God:    Trog [*****.]
Gold:   1736       SH:  5    Dex: 16    Spells: 14/14 levels left

rFire   . . .      SeeInvis +    H - +8 broad axe (vorpal)
rCold   . . .      Faith    .    (no shield)
rNeg    . . .      Spirit   .    B - +1 plate armour
rPois   +          Reflect  +    (helmet restricted)
rElec   .          Harm     .    Y - +1 cloak {rPois}
rCorr   +          Rampage  .    n - +2 pair of gloves
Will    +++..                    A - +1 pair of boots
Stlth   ..........               l - amulet of reflection
HPRegen 1.43/turn                R - +4 ring of slaying
MPRegen 0.14/turn                C - ring of resist corrosion

@: mighty, strong-willed, on berserk cooldown, regenerating, slowed, invisible,
very slow
A: horns 2, retaliatory headbutt, thin skeletal structure 1, see invisible
a: Renounce Religion, Berserk, Trog's Hand, Brothers in Arms


You were on level 2 of the Snake Pit.
You worshipped Trog.
Trog was extremely pleased with you.
You visited 4 branches of the dungeon, and saw 24 of its levels.
You also visited: Sewer and Bailey.

You collected 2664 gold pieces.
You spent 928 gold pieces at shops.

Inventory:

Hand Weapons
 a - the +3 bardiche of Trog's Indignation {vorpal, Fly rC+}
   (Trog gifted it to you on level 3 of the Lair of Beasts)

   It inflicts extra damage upon your enemies.
   rC:        It protects you from cold.
   Fly:       It grants you flight.
 b - a +4 arbalest
   (You took it off an orc warrior on level 9 of the Dungeon)
 H - a +8 vorpal broad axe (weapon)
   (You took it off an orc warlord in a bailey)
Missiles
 g - 2 javelins
 q - 45 boomerangs (quivered)
 v - 50 poisoned darts
 K - 5 atropa-tipped darts
 N - 11 curare-tipped darts
 Q - 207 stones
Armour
 n - a +2 pair of gloves (worn)
   (You found it on level 7 of the Dungeon)
 A - a +1 pair of boots (worn)
   (You found it on level 11 of the Dungeon)
 B - a +1 plate armour (worn)
   (You found it on level 4 of the Dungeon)
 Y - a +1 cloak of poison resistance (worn)
   (You bought it in a shop on level 2 of the Orcish Mines)
Jewellery
 c - a +4 ring of evasion
   (You found it on level 2 of the Dungeon)
 l - an amulet of reflection (around neck)
   (You found it on level 6 of the Dungeon)
 C - a ring of resist corrosion (right hand)
   (You found it on level 6 of the Dungeon)
 I - a ring of protection from cold
   (You found it on level 7 of the Dungeon)
 M - a +4 ring of protection
   (You found it on level 1 of the Lair of Beasts)
 P - a ring of poison resistance
   (You found it on level 15 of the Dungeon)
 R - a +4 ring of slaying (left hand)
   (You found it on level 2 of the Lair of Beasts)
 T - an amulet of regeneration
   (You found it on level 4 of the Lair of Beasts)
 X - the ring "Anapeid" {Str+3 SInv Stlth-}
   (You bought it in a shop on level 2 of the Orcish Mines)

   [ring of see invisible]

   Str:       It affects your strength (+3).
   SInv:      It lets you see invisible.
   Stlth:     It makes you less stealthy.
Wands
 d - a wand of mindburst (13)
   (You took it off an orc on level 7 of the Dungeon)
 f - a wand of flame (54)
   (You took it off Grinder on level 3 of the Dungeon)
 j - a wand of polymorph (5)
   (You found it on level 15 of the Dungeon)
 x - a wand of acid (10)
   (You found it on level 6 of the Dungeon)
 D - a wand of digging (16)
   (You found it on level 4 of the Dungeon)
Scrolls
 i - 3 scrolls of butterflies
 k - 2 scrolls of silence
 o - 5 scrolls of immolation {!r}
 t - 14 scrolls of teleportation {@r4}
 u - 2 scrolls of noise {!r}
 w - 4 scrolls of poison {!r}
 y - a scroll of summoning
 z - 4 scrolls of fear
 F - a scroll of vulnerability {!r}
 L - 2 scrolls of blinking
Potions
 e - 5 potions of heal wounds {@q2}
 h - 7 potions of resistance
 m - 3 potions of attraction {!q}
 p - 2 potions of mutation {!q}
 r - 2 potions of invisibility
 s - a potion of might
 E - 8 potions of haste {@q3}
 G - 3 potions of lignification {!q}
 J - 6 potions of flight
 O - 2 potions of ambrosia
 U - 21 potions of curing {@q1}
 V - a potion of degeneration {unknown}
Miscellaneous
 S - a box of beasts
   (You found it on level 1 of the Lair of Beasts)
 W - a phantom mirror (inert)
   (You found it on level 5 of the Lair of Beasts)
 Z - a lightning rod (4/4) {!a}
   (You found it on level 2 of the Lair of Beasts)


   Skills:
 + Level 15.0 Fighting
 - Level 18.0(18.3) Axes
 * Level 6.0(13.1) Polearms
 * Level 16.3 Ranged Weapons
 - Level 8.0 Throwing
 - Level 10.1 Armour
 - Level 2.1 Dodging
 - Level 9.5 Evocations


You had 14 spell levels left.
You didn't know any spells.
Your spell library was empty.

Dungeon Overview and Level Annotations

Branches:
Dungeon (15/15)            Temple (0/1) D:6            Lair (5/5) D:10
  Swamp (0/4) Lair:3        Snake (2/4) Lair:3        Slime (0/5) Lair:4
    Orc (2/2) D:9             Elf (0/3) Orc:2        Vaults (0/5) D:14
 Depths (0/4) D:15          Sewer (visited)          Bailey (visited)

Altars:
Dithmenos
Yredelemnul
Jiyva

Shops:
D:2 ?   D:5 :   D:11 (   D:15 :   Orc:2 ([=[


Innate Abilities, Weirdness & Mutations

You have a pair of horns on your head.
You reflexively headbutt those who attack you in melee.
You have a somewhat thin skeletal structure. (Dex +2, Stealth+)
You have supernaturally acute eyesight. (SInv)


Message History

The salamander mystic casts a spell at the salamander.
The salamander seems to speed up.
You slice the salamander!! You slash the salamander!
The salamander hits you with a +0 glaive.
* * * LOW HITPOINT WARNING * * *
You are engulfed in flames!
* * * LOW HITPOINT WARNING * * *
The salamander hits you with a +0 glaive.
* * * LOW HITPOINT WARNING * * *
You are engulfed in flames!
* * * LOW HITPOINT WARNING * * *
The salamander mystic gestures at the salamander while chanting.
The salamander seems to speed up.
The salamander hits you with a +0 glaive.
* * * LOW HITPOINT WARNING * * *
You are engulfed in flames!
* * * LOW HITPOINT WARNING * * *
A red film seems to cover your vision as you go berserk!
You feel yourself moving faster!
You feel mighty!
The salamander barely misses you. x2; You furiously retaliate!
You headbutt the salamander! You slash the salamander!
You headbutt the salamander!
You kill the salamander!
Trog accepts your kill.
You slice the salamander!!
The salamander hits you with a +0 glaive.
* * * LOW HITPOINT WARNING * * *
You are engulfed in flames!
* * * LOW HITPOINT WARNING * * *
You slash the salamander!
You kill the salamander!
Trog accepts your kill.
Your base Polearms skill increases to level 6!
You feel a strong urge to attack something.
You start resting.
You feel your anger nearly subside.
You are no longer berserk.
You are exhausted.
You feel yourself slow down.
Your skin crawls.
You feel strong-willed.
You fade into invisibility!
You feel very mighty all of a sudden.
The salamander mystic points at you and mumbles some strange words.
The lance of force misses you.
You strike the helpless salamander mystic from behind!
You slice the salamander mystic!!
The salamander mystic hits you with a +0 quarterstaff!
* * * LOW HITPOINT WARNING * * *
You are engulfed in flames!
You die...

......... #.....
......... ##...#
#..N..... #....
#........ ##.###
#......# ## #.....
#.....##....###.##..
#)).............#...
#.######........#...
#.N@...##.....[.####
#..#.....#...........
####.....#......>..)†
#......##..........
#.#.....#..........
#.#.....#.......###
#.###...#.......# #.
##....####### ..
#..#.#


You could see a salamander mystic (unable to see you).

Vanquished Creatures
  Frances (D:14)
  Roxanne (D:14)
  Aizul (Snake:1)
  An orc warlord (Bailey)
  A stone giant (D:15)
  Azrael (Snake:2)
  Nessos (Orc:2)
  Josephine (D:14)
  A fire dragon (Lair:5)
  A yaktaur captain (D:14)
  14 hydras
  Fannar (Lair:2)
  Erolcha (Orc:2)
  A catoblepas (Lair:4)
  An anaconda (Snake:1)
  6 centaur warriors
  3 two-headed ogres
  7 boulder beetles
  3 death yaks (Lair:5)
  A naga warrior (Snake:1)
  A tengu warrior (D:15)
  2 shock serpents (Snake:1)
  An orc high priest (Orc:2)
  Sonja (Orc:1)
  Nergalle (D:10)
  A swamp dragon (Lair:5)
  3 lindwurms
  2 orc knights (Orc:2)
  3 deep elf pyromancers
  A mana viper (Snake:1)
  4 orc sorcerers
  5 manticores
  3 salamanders (Snake:2)
  11 ugly things
  A moth of wrath (Lair:2)
  6 cyclopes
  6 elephants
  11 black mambas
  The ghost of Iusername the Chopper, a novice MiFi of Gozag (D:6)
  2 guardian serpents (Snake:1)
  6 naga magi (Snake:1)
  Maggie (Lair:2)
  An unseen horror (D:12)
  10 cane toads
  2 efreet
  8 komodo dragons
  7 rime drakes
  2 tengu conjurers
  A demonic crawler (Lair:2)
  5 yaktaurs
  5 trolls
  A tyrant leech (Lair:3)
  3 meliai (D:13)
  5 blink frogs (Lair:3)
  3 polar bears
  Prince Ribbit (D:5)
  4 slime creatures (D:15)
  Grinder (D:3)
  2 dream sheep (Lair:5)
  37 yaks
  A shadow (D:10)
  3 wyverns
  3 vampires
  2 fire elementals (Snake:2)
  A human (shapeshifter) (D:15)
  5 wraiths
  6 basilisks
  5 steam dragons
  2 vampire mosquitoes (D:15)
  10 nagas
  8 swamp worms
  5 acid dragons
  19 water moccasins
  3 hell hounds (Snake:2)
  2 swamp drakes (Lair:5)
  3 ice beasts
  4 black bears
  34 orc warriors
  11 wolves
  4 ogres
  15 centaurs
  A phantom (D:6)
  13 kobold brigands
  4 gnoll sergeants
  11 bullfrogs
  2 necrophages
  4 scorpions
  7 wights
  7 killer bees
  An electric eel (D:9)
  5 howler monkeys
  3 hounds
  4 jellies (Lair:4)
  29 orc priests
  5 iguanas
  35 orc wizards
  12 adders
  21 gnolls
  A shadow imp (D:6)
  2 white imps (D:6)
  2 ufetubi
  2 worms
  2 dart slugs
  96 orcs
  9 ball pythons
  5 endoplasms
  4 giant cockroaches
  6 goblins
  11 hobgoblins
  4 jackals (D:5)
  22 kobolds
  7 quokkas
  4 bats (D:3)
  6 frilled lizards
  8 rats
720 creatures vanquished.

Vanquished Creatures (collateral kills)
  The ghost of Lemondrips the Covert, a journeyman OpEn of Gozag (Lair:2)
  2 elephants (Lair:4)
  A water moccasin (Lair:2)
  An orc wizard (Orc:1)
5 creatures vanquished.

Vanquished Creatures (others)
  A naga (Snake:1)
  An orc wizard (D:9)
  An orc (Orc:2)
  22 fungi
  40 plants
  A withered plant (D:15)
66 creatures vanquished.

Grand Total: 791 creatures vanquished

Notes
Turn   | Place    | Note
-------+----------+-------------------------------------------
     0 | D:1      | Pooter the Minotaur Berserker began the quest for the Orb.
     0 | D:1      | Reached XP level 1. HP: 19/19 MP: 0/0
   221 | D:1      | Found a faded altar of an unknown god.
   233 | D:1      | Reached skill level 4 in Axes
   290 | D:1      | Reached XP level 2. HP: 27/27 MP: 1/1
   677 | D:2      | Reached XP level 3. HP: 33/33 MP: 2/2
   753 | D:2      | Reached ** piety under Trog
  1088 | D:2      | Found Noick's Magic Scroll Emporium.
  1097 | D:2      | Bought a scroll of identify for 28 gold pieces
  1097 | D:2      | Bought 2 scrolls of identify for 56 gold pieces
  1236 | D:2      | Reached skill level 5 in Axes
  1474 | D:3      | Reached XP level 4. HP: 41/41 MP: 3/3
  1831 | D:3      | Noticed Grinder
  1842 | D:3      | Killed Grinder
  1843 | D:3      | Reached skill level 5 in Fighting
  1843 | D:3      | Reached skill level 7 in Axes
  1843 | D:3      | Reached XP level 5. HP: 48/48 MP: 4/4
  1843 | D:3      | Reached XP level 6. HP: 56/56 MP: 5/5
  2051 | D:2      | Bought a scroll of magic mapping for 105 gold pieces
  2213 | D:4      | Found a glowing drain.
  2223 | Sewer    | Entered a sewer
  2426 | Sewer    | Reached *** piety under Trog
  2539 | Sewer    | Reached skill level 8 in Axes
  2586 | Sewer    | Reached XP level 7. HP: 61/64 MP: 6/6
  3908 | D:4      | Reached skill level 9 in Axes
  4228 | D:5      | Entered Level 5 of the Dungeon
  4439 | D:5      | Reached XP level 8. HP: 71/73 MP: 7/7
  4488 | D:5      | Reached skill level 10 in Axes
  4546 | D:5      | Found Jifum's Book Emporium.
  4576 | D:5      | Noticed Prince Ribbit
  4585 | D:5      | Killed Prince Ribbit
  4977 | D:6      | Reached skill level 11 in Axes
  5078 | D:5      | Reached skill level 1 in Ranged Weapons
  5124 | D:6      | Reached **** piety under Trog
  5331 | D:6      | Reached XP level 9. HP: 81/82 MP: 8/8
  5492 | D:6      | Found a staircase to the Ecumenical Temple.
  5780 | D:6      | Found a runed translucent gate.
  5781 | D:6      | Found a runed translucent gate.
  5781 | D:6      | Noticed Iusername's ghost (novice MiFi)
  5782 | D:6      | Found a runed translucent gate.
  5959 | D:7      | Reached skill level 12 in Axes
  5971 | D:6      | Reached skill level 1 in Evocations
  5988 | D:7      | Reached skill level 5 in Ranged Weapons
  6164 | D:7      | Found a flagged portal.
  6179 | Bailey   | Entered a bailey
  6213 | Bailey   | Noticed an orc warlord
  6329 | Bailey   | Reached XP level 10. HP: 88/91 MP: 9/9
  6354 | Bailey   | Found a runed translucent gate.
  6360 | Bailey   | Found a runed translucent gate.
  6362 | Bailey   | Found a runed translucent gate.
  6420 | Bailey   | Killed an orc warlord
  6421 | Bailey   | Reached skill level 13 in Axes
  6469 | Bailey   | Reached skill level 17 in Axes
  6469 | Bailey   | Reached XP level 11. HP: 99/99 MP: 10/10
  6844 | D:7      | Found a shadowy altar of Dithmenos.
  7190 | D:2      | Bought a scroll of fear for 56 gold pieces
  7190 | D:2      | Bought a scroll of enchant weapon for 105 gold pieces
  8069 | D:8      | Reached skill level 10 in Fighting
  8739 | D:9      | Reached ***** piety under Trog
  9511 | D:9      | Found a staircase to the Orcish Mines.
  9534 | Orc:1    | Entered Level 1 of the Orcish Mines
  9564 | Orc:1    | Noticed Sonja
 10017 | Orc:1    | Killed Sonja
 10138 | Orc:1    | Found a runed translucent door.
 10239 | Orc:1    | Noticed an orc sorcerer
 10244 | Orc:1    | Killed an orc sorcerer
 10570 | Orc:2    | Entered Level 2 of the Orcish Mines
 10570 | Orc:2    | Noticed an orc knight
 10574 | Orc:2    | Reached XP level 12. HP: 108/108 MP: 11/11
 11139 | Orc:2    | Noticed Erolcha
 11152 | Orc:2    | Killed Erolcha
 11171 | Orc:2    | Reached skill level 5 in Evocations
 11245 | Orc:2    | Found a staircase to the Elven Halls.
 11455 | Orc:2    | Noticed Nessos
 11465 | Orc:2    | Reached skill level 10 in Ranged Weapons
 11467 | Orc:2    | Killed Nessos
 11468 | Orc:2    | Reached skill level 18 in Axes
 11809 | Orc:2    | Noticed an orc high priest
 11816 | Orc:2    | Killed an orc high priest
 11849 | Orc:2    | Found Jusapie's Jewellery Shop.
 11850 | Orc:2    | Found Utsaev's Armour Shop.
 11851 | Orc:2    | Found Zeleweutz's Armour Boutique.
 11962 | Orc:2    | Found Mebuf's Weapon Boutique.
 12004 | Orc:2    | Bought the ring "Anapeid" {Str+3 SInv Stlth-} for 376 gold
                  | pieces
 12007 | Orc:2    | Bought a +1 cloak of poison resistance for 202 gold pieces
 12617 | D:9      | Reached skill level 1 in Throwing
 13177 | D:10     | Entered Level 10 of the Dungeon
 13970 | D:10     | Found a staircase to the Lair.
 14005 | D:10     | Identified the +4 sling "Poschiaph" {freeze, rElec Will+}
 14208 | D:10     | Noticed Nergalle
 14217 | D:10     | Killed Nergalle
 14443 | Lair:1   | Entered Level 1 of the Lair of Beasts
 14667 | Lair:1   | Reached XP level 13. HP: 107/118 MP: 12/12
 15494 | Lair:2   | Noticed Fannar
 15506 | Lair:2   | Killed Fannar
 15631 | Lair:2   | Noticed Maggie
 15640 | Lair:2   | Killed Maggie
 15933 | Lair:2   | Found a transporter.
 15933 | Lair:2   | Noticed Lemondrips's ghost (journeyman OpEn)
 15955 | Lair:2   | Found a transporter.
 16129 | Lair:2   | Reached skill level 5 in Armour
 16134 | Lair:2   | Killed Lemondrips's ghost
 16479 | Lair:3   | Identified the +3 bardiche of Trog's Indignation {vorpal,
                  | Fly rC+} (Trog gifted it to you on level 3 of the Lair of
                  | Beasts)
 16479 | Lair:3   | Received a gift from Trog
 17305 | Lair:3   | Found a staircase to the Snake Pit.
 17622 | Lair:3   | Found a staircase to the Swamp.
 18184 | Lair:4   | Found a staircase to the Slime Pits.
 18185 | Lair:4   | Found a viscous altar of Jiyva.
 18522 | Lair:4   | Reached skill level 5 in Throwing
 18732 | Lair:4   | Reached XP level 14. HP: 129/129 MP: 13/13
 19256 | Lair:4   | Gained mutation: You are partially covered in large bone
                  | plates. (SH +4) [potion of mutation]
 19256 | Lair:4   | Gained mutation: Your spells are a little harder to cast,
                  | but a little more powerful. [potion of mutation]
 19257 | Lair:4   | Lost mutation: Your spells are a little harder to cast, but
                  | a little more powerful. [potion of mutation]
 19257 | Lair:4   | Lost mutation: You are partially covered in large bone
                  | plates. (SH +4) [potion of mutation]
 19257 | Lair:4   | Gained mutation: You have a beak for a mouth. [potion of
                  | mutation]
 19297 | Lair:5   | Entered Level 5 of the Lair of Beasts
 21192 | D:11     | Found Leemp's Weapon Shop.
 21506 | D:12     | Reached skill level 1 in Polearms
 22235 | D:13     | Reached skill level 15 in Ranged Weapons
 22292 | D:13     | Reached XP level 15. HP: 73/138 MP: 14/14
 22778 | D:14     | Noticed Roxanne
 22826 | D:14     | Noticed Josephine
 22837 | D:14     | Killed Josephine
 22904 | D:14     | HP: 9/207 [vampire/vampiric draining (12)]
 23198 | D:14     | Found a gate to the Vaults.
 23248 | D:14     | Noticed Frances
 23259 | D:14     | Killed Frances
 24104 | D:14     | Killed Roxanne
 24239 | D:15     | Entered Level 15 of the Dungeon
 24239 | D:15     | Found Vumpeq's Book Boutique.
 24263 | D:15     | Found a staircase to the Depths.
 24283 | D:15     | Found a basalt altar of Yredelemnul.
 24335 | D:15     | Identified the +2 trident "Kexelexa" {flame, rC+ Dex+3}
 25771 | D:15     | Upgraded the game from 0.30-a0-177-g1cb5dbfd7a to
                  | 0.30-a0-187-gd9c2deaf24
 25999 | D:6      | Killed Iusername's ghost
 26258 | Snake:1  | Entered Level 1 of the Snake Pit
 26294 | Snake:1  | Reached skill level 5 in Polearms
 26775 | Snake:1  | Reached skill level 10 in Armour
 27139 | Snake:1  | Lost mutation: You have a beak for a mouth. [potion of
                  | mutation]
 27139 | Snake:1  | Gained mutation: Your spells are a little harder to cast,
                  | but a little more powerful. [potion of mutation]
 27139 | Snake:1  | Gained mutation: You are strong-willed. (Will+) [potion of
                  | mutation]
 27140 | Snake:1  | Lost mutation: Your spells are a little harder to cast, but
                  | a little more powerful. [potion of mutation]
 27140 | Snake:1  | Lost mutation: You are strong-willed. (Will+) [potion of
                  | mutation]
 27140 | Snake:1  | Gained mutation: You are dopey. (Int -2) [potion of
                  | mutation]
 27141 | Snake:1  | Lost mutation: You are dopey. (Int -2) [potion of mutation]
 27141 | Snake:1  | Gained mutation: You passively map a small area around you.
                  | [potion of mutation]
 27141 | Snake:1  | Gained mutation: You are somewhat resistant to further
                  | mutation. [potion of mutation]
 27142 | Snake:1  | Lost mutation: You are somewhat resistant to further
                  | mutation. [potion of mutation]
 27142 | Snake:1  | Lost mutation: You passively map a small area around you.
                  | [potion of mutation]
 27142 | Snake:1  | Gained mutation: You have supernaturally acute eyesight.
                  | (SInv) [potion of mutation]
 27142 | Snake:1  | Gained mutation: You have a somewhat thin skeletal
                  | structure. (Dex +2, Stealth+) [potion of mutation]
 27150 | Snake:1  | Noticed Aizul
 27164 | Snake:1  | Killed Aizul
 27396 | Snake:1  | Received a gift from Trog
 27936 | Snake:2  | Noticed Azrael
 27943 | Snake:2  | Killed Azrael
 28099 | Snake:2  | Reached skill level 15 in Fighting
 28113 | Snake:2  | Mangled by a salamander mystic

Illustrated notes

Levels and vault maps discovered:
D:1:      spicycebolla_green_bress_n_ham, layout_rooms,
          ebering_ecumenical_altar_hall, minmay_quantized
D:2:      layout_basic, serial_shops, nicolae_shop_trees, wad_orctagon
D:3:      layout_basic, due_unseen_surprise, uniq_grinder
D:4:      layout_loops_ring, serial_aquarium, aquarium_bridge_island_small
          [aquarium_subvault_small_open, aquarium_subvault_bridge,
          aquarium_subvault_bridge, aquarium_subvault_wall,
          aquarium_subvault_bridge], aquarium_window_1, aquarium_window_2,
          aquarium_window_corridor_1, aquarium_window_2, aquarium_view_2d,
          aquarium_pool_S, gup_sewer_entry_pipe, hangedman_decor_growths
D:5:      layout_basic, serial_shops, shop, uniq_prince_ribbit1
D:6:      layout_basic, minmay_temple_entry_offerings,
          gammafunk_ghost_nasty_kobolds
D:7:      layout_basic, mainiacjoe_overflow_alcove_2, enter_bailey_2,
          serial_bayou_pond_a, minmay_alternating_orb
D:8:      layout_basic, serial_glass, glass_columns_b, glass_columns_a,
          glass_columns_a, item_on_display_a, minmay_strange_pillars,
          feat_on_display, uniq_erica
D:9:      layout_basic, erik_orc_2
D:10:     layout_basic, minmay_lair_entry_grove, uniq_nergalle
D:11:     layout_roguey, serial_shops, shop_coins, dk_noncrumbling_3
D:12:     layout_rooms
D:13:     layout_loops_ring
D:14:     layout_small_grid, david_vaults_2, minmay_misc_feat_diagonals,
          uniq_roxanne, uniq_frances, uniq_josephine
D:15:     grunt_enter_depths_giant_problem, layout_irregular_city,
          yredelemnul_altar_generic, serial_shops, nicolae_shop_hallway_stairs,
          gauntlet_entry_generic
Lair:1:   layout_cave_pods, minivault_26, serial_bayou_shore_b,
          grunt_megastairs_3
Lair:2:   layout_cave_shapes, gammafunk_ghost_berserking_beasts, worms_lemuel,
          uniq_maggie, uniq_fannar
Lair:3:   layout_gridlike, palyth_hydra_swamp_entry,
          minmay_snake_entry_guardpost_medium
Lair:4:   layout_small_grid, nicolae_slime_entry_slimehenge
Lair:5:   hangedman_lair_in_review, layout_misc_corridors,
          guppyfry_lair_end_dragon
Snake:1:  layout_grid_maze, serial_bayou_shore_b, grunt_megastairs_5, uniq_aizul
Snake:2:  layout_honeycomb, nicolae_shop_sticking_my_neck_out,
          grunt_megastairs_1, lemuel_fruit_tree, uniq_azrael
Orc:1:    layout_caves, lightli_church_of_beogh, uniq_sonja
Orc:2:    st_orc_mages, layout_caves, basic_altar, uniq_erolcha, uniq_nessos

Skill      XL: |  1  2  3  4  5  6  7  8  9 10 11 12 13 14 15 |
---------------+----------------------------------------------+-----
Axes           | 4 5 7 8 9 11 12 17 18 | 18.0
Fighting       | 4 5 6 7 8 9 10 12 13 14 15 | 15.0
Ranged Weapons | 3 6 9 11 13 15 16 | 16.3
Evocations     | 2 3 4 6 7 8 9 |  9.5
Throwing       | 2 5 6 8 |  8.0
Armour         | 4 6 8 10 | 10.1
Polearms       | 2 6 |  6.0
Dodging        | |  2.1

Action                   |  1- 3 |  4- 6 |  7- 9 | 10-12 | 13-15 || total
-------------------------+-------+-------+-------+-------+-------++-------
Melee: Hand axe          |    67 |   105 |    81 |       |       ||   253
       Headbutt          |    14 |    10 |    50 |    70 |   130 ||   274
       Morningstar       |       |       |    59 |       |       ||    59
       Punch             |       |       |     3 |     4 |     3 ||    10
       War axe           |       |       |    96 |     5 |       ||   101
       Broad axe         |       |       |       |   333 |   418 ||   751
       Bardiche          |       |       |       |       |   207 ||   207
       Peck              |       |       |       |       |    74 ||    74
 Fire: Sling             |       |       |     2 |       |       ||     2
       Shortbow          |       |       |       |    89 |       ||    89
       Arbalest          |       |       |       |   176 |   224 ||   400
Throw: Stone             |       |    11 |       |       |       ||    11
       Dart              |       |     1 |    14 |     3 |       ||    18
       Boomerang         |       |       |     3 |       |    23 ||    26
Invok: Berserk           |     1 |     3 |     7 |     9 |    24 ||    44
       Trog's Hand       |       |     2 |     8 |    19 |    17 ||    46
       Brothers in Arms  |       |       |       |     1 |     1 ||     2
Evoke: Wand              |       |       |     1 |    15 |     2 ||    18
       Box of beasts     |       |       |       |       |     1 ||     1
       Phantom mirror    |       |       |       |       |     1 ||     1
  Use: Scroll            |     6 |     3 |    11 |     6 |    18 ||    44
       Potion            |       |       |     1 |     3 |    11 ||    15
 Stab: Invisible         |       |       |       |       |     1 ||     1
Armor: Animal skin       |     9 |       |       |       |       ||     9
       Chain mail        |    15 |    30 |    17 |       |       ||    62
       Scale mail        |     1 |       |       |       |       ||     1
       Plate armour      |       |       |   115 |   144 |   513 ||   772
Dodge: Dodged            |    29 |    53 |   153 |   209 |   291 ||   735
Block: Other             |       |       |    22 |    86 |    89 ||   197
       Reflection        |       |       |     4 |    13 |    11 ||    28

Table legend: (Time is in decaauts)
 A = Elapsed time spent in this place.
 B = Non-inter-level travel time spent in this place.
 C = Inter-level travel time spent in this place.
 D = Time resting spent in this place.
 E = Time spent auto-exploring this place.
 F = Levels seen in this place.
 G = Mean time per level.
                   A        B        C        D        E       F      G
               +--------+--------+--------+--------+--------+-----+--------+
         Total |  28671 |  26607 |   2064 |   6175 |  14862 |  26 | 1102.7 |
       Dungeon |  16781 |  15098 |   1683 |   3472 |   8868 |  15 | 1118.7 |
          Lair |   6404 |   6091 |    313 |   1054 |   4032 |   5 | 1280.8 |
     Snake Pit |   1872 |   1872 |      0 |    848 |    752 |   2 |  936.0 |
  Orcish Mines |   2615 |   2548 |     67 |    595 |    878 |   2 | 1307.5 |
         Sewer |    613 |    613 |      0 |    167 |    253 |   1 |  613.0 |
        Bailey |    384 |    384 |      0 |     35 |     77 |   1 |  384.0 |
               +--------+--------+--------+--------+--------+-----+--------+

Top non-repeatable levels by time:
     D:9: 2290 daAuts
    D:14: 1900 daAuts
  Lair:3: 1871 daAuts
   Orc:2: 1683 daAuts
 Snake:1: 1483 daAuts
  Lair:4: 1388 daAuts
  Lair:5: 1297 daAuts
     D:3: 1294 daAuts
    D:15: 1267 daAuts
    D:10: 1185 daAuts
     D:2: 1115 daAuts
     D:6: 1109 daAuts
     D:8: 1085 daAuts
     D:4: 1064 daAuts
     D:7: 1034 daAuts
